 Dungeon Crawl Stone Soup version 0.26-a0-846-gcc8f1ee719 (webtiles) character file.

Game seed: 16343092610241023276

21 Sun the Slasher (level 3, 0/29 HPs)
             Began as a Human Monk on Nov 19, 2020.
             Slain by a gnoll
             ... wielding a +0 spear
              (7 damage)
             ... on level 2 of the Dungeon.
             The game lasted 00:01:39 (1689 turns).

Sun the Slasher (Human Monk)                        Turns: 1689, Time: 00:01:40

Health: 0/29       AC:  9    Str: 12    XL:     3   Next: 5%
Magic:  3/3        EV: 12    Int: 10    God:
Gold:   53         SH:  0    Dex: 15    Spells: 2/2 levels left

rFire    + + .     SeeInvis .   a - +0 falchion
rCold    + . .     Faith    .   (no shield)
rNeg     . . .     Spirit   .   i - +0 ring mail
rPois    .         Reflect  .   (no helmet)
rElec    .         Harm     .   e - scarf {rC+ rF+}
rCorr    .         Rampage  .   (no gloves)
MR       .....                  (no boots)
Stlth    +.........             (no amulet)
HPRegen  0.09/turn              f - ring of protection from fire
MPRegen  0.08/turn              j - +4 ring of protection

@: no status effects
A: no striking features
a: no special abilities


You were on level 2 of the Dungeon.
You visited 1 branch of the dungeon, and saw 2 of its levels.

You collected 53 gold pieces.

Inventory:

Hand Weapons
 a - a +0 falchion (weapon)
Missiles
 k - 2 javelins (quivered)
 l - 7 bolts
Armour
 e - a scarf of resistance (worn)
 i - a +0 ring mail (worn)
Jewellery
 f - a ring of protection from fire (left hand)
 h - an uncursed ring of flight
 j - a +4 ring of protection (right hand)
Scrolls
 c - a scroll of fear {unknown}
 d - a scroll of enchant armour {unknown}
 g - 2 scrolls of identify {unknown}
 n - a scroll of noise {unknown}
 o - a scroll of enchant weapon {unknown}
Potions
 b - a potion of mutation {unknown}
 m - a potion of berserk rage {unknown}


   Skills:
 + Level 3.2 Fighting
 * Level 3.5 Long Blades
 + Level 3.2 Dodging
 - Level 2.0 Stealth


You had 2 spell levels left.
You didn't know any spells.
Your spell library was empty.

Dungeon Overview and Level Annotations

Branches:
Dungeon (2/15)

Altars:


Message History

The gnoll hits you but does no damage. The gnoll hits you.
The gnoll hits you but does no damage.
The frilled lizard bites you but does no damage.
The gnoll misses you.
You barely miss the gnoll.
The gnoll is heavily wounded.
The gnoll hits you. The gnoll closely misses you. x2
The frilled lizard bites you but does no damage.
The gnoll barely misses you.
You closely miss the gnoll.
The gnoll is heavily wounded.
The gnoll hits you.
The gnoll hits you from afar with a +0 spear.
* * * LOW HITPOINT WARNING * * *
The gnoll barely misses you. The frilled lizard bites you.
* * * LOW HITPOINT WARNING * * *
The gnoll barely misses you. The gnoll hits you but does no damage.
The gnoll hits you from afar with a +0 spear!
You die...

#.# #g# #.#.#....#.#
#.###g####.#.#g#..#.#
.....g.l....>#.#..#.#
#.###g#.##........#
..#.....)......gg.#
..###..........#.##
.............#...g#
.####...####.###.## .
............@.# #
####[##.#.###### ...


You could see 3 gnolls.

Vanquished Creatures
  A worm (D:2)
  A leopard gecko (D:1)
  2 giant cockroaches (D:1)
  2 goblins
  A hobgoblin (D:1)
  3 bats (D:1)
  2 frilled lizards (D:1)
  4 kobolds (D:1)
  3 rats (D:1)
19 creatures vanquished.

Notes
Turn   | Place    | Note
-------+----------+-------------------------------------------
     0 | D:1      | Sun the Human Monk began the quest for the Orb.
     0 | D:1      | Reached XP level 1. HP: 18/18 MP: 1/1
   541 | D:1      | Reached XP level 2. HP: 24/24 MP: 2/2
  1506 | D:2      | Reached XP level 3. HP: 17/29 MP: 3/3
  1689 | D:2      | Slain by a gnoll

Illustrated notes

Levels and vault maps discovered:
D:1:      dpeg_cavernosity, layout_loops_corners, minivault_27,
          roderic_serpentine_path, minmay_pentomino_s2
D:2:      minmay_inner_zag, layout_basic, general_overflow_altar,
          lemuel_statue_altar

Action                   || total
-------------------------++-------
Melee: Falchion          ||    59
Throw: Javelin           ||     4
 Stab: Sleeping          ||     3
Armor: Ring mail         ||    25
       Robe              ||     1
Dodge: Dodged            ||    40
       Rpst.: Falchion   ||    10

Table legend: (Time is in decaauts)
 A = Elapsed time spent in this place.
 B = Non-inter-level travel time spent in this place.
 C = Inter-level travel time spent in this place.
 D = Time resting spent in this place.
 E = Time spent auto-exploring this place.
 F = Levels seen in this place.
 G = Mean time per level.
                   A        B        C        D        E       F      G
               +--------+--------+--------+--------+--------+-----+--------+
         Total |   1697 |   1652 |     45 |      0 |   1434 |   2 |  848.5 |
       Dungeon |   1697 |   1652 |     45 |      0 |   1434 |   2 |  848.5 |
               +--------+--------+--------+--------+--------+-----+--------+

Top non-repeatable levels by time:
     D:1: 1467 daAuts
     D:2: 230 daAuts
